Map: Romanticide LE

Players

MarineLorD - Winner!

  • Race: Terran Terran
  • League: Master

Denver

  • Race: Zerg Zerg
  • League: Master

Event: DreamHack SC2 Masters 2021 Summer

VOD

Have the link to the VOD?

Description

Time

  • Played on: May 26, 2021, 10:53 a.m.
  • Length: 7:31

All games in this series

Show
View Real Time Build Order
Export as new Build Order

MarineLorD Terran - Winner!

Build Orders: Reaper Expand 

Get SALT Encoding   

  12  0:00  SCV  
  13  0:12  SCV  
  14  0:17  Supply Depot  
  14  0:24  SCV  
  15  0:38  SCV  
  15  0:40  Barracks  
  16  0:43  Refinery  
  16  0:50  SCV  
  17  1:02  SCV  
  18  1:15  SCV  
  19  1:27  Orbital Command, Reaper  
  20  1:39  Command Center  
  20  1:50  Supply Depot  
  20  1:52  SCV  
  21  1:59  Marine  
  22  2:04  SCV  
  23  2:16  SCV  
  23  2:20  Barracks Reactor  
  24  2:26  Factory  
  24  2:28  SCV  
  25  2:40  Command Center  
  25  2:50  SCV  
  26  2:52  Refinery  
  26  2:53  Orbital Command  
  26  3:02  SCV  
  27  3:11  Marine  
  28  3:13  Starport  
  28  3:14  SCV  
  31  3:20  SCV  
  31  3:25  Hellion x2  
  34  3:29  SCV  
  34  3:33  SCV  
  36  3:35  Refinery  
  37  3:41  SCV  
  37  3:45  SCV  
  38  3:49  Barracks Tech Lab  
  38  3:53  SCV  
  38  3:54  Orbital Command  
  38  3:55  Fusion Core  
  39  3:57  SCV  
  40  4:04  Starport  
  40  4:05  SCV  
  40  4:09  SCV  
  42  4:14  Hellion x2  
  46  4:17  SCV  
  47  4:25  SCV x2  
  47  4:31  Refinery  
  49  4:32  SCV, Supply Depot  
  49  4:33  Barracks Tech Lab  
  49  4:37  SCV  
  51  4:42  Starport Tech Lab  
  51  4:44  SCV x2  
  53  4:53  SCV  
  53  4:56  SCV x2  
  53  4:57  Battlecruiser  
  62  5:00  Supply Depot  
  62  5:04  Supply Depot  
  62  5:05  SCV  
  63  5:12  Battlecruiser  
  69  5:22  SCV x3  
  69  5:26  Supply Depot  
  69  5:28  Hellion x2  
  76  5:31  Weapon Refit, Supply Depot  
  76  5:34  SCV x2  
  78  5:39  Supply Depot  
  78  5:41  SCV  
  79  5:45  Supply Depot  
  79  5:46  SCV x2  
  81  5:50  Hellion x2  
  81  5:53  SCV  
  86  5:58  SCV x2  
  86  6:03  Battlecruiser  
  94  6:05  Orbital Command  
  94  6:10  SCV  
  95  6:13  SCV  
  96  6:22  Barracks Tech Lab, Engineering Bay, SCV  
  96  6:23  Engineering Bay  
  96  6:26  SCV  
  105  6:32  Hellion  
  105  6:34  SCV x2  
  105  6:38  SCV  
  105  6:46  SCV x2  
  93  6:52  SCV  
  79  6:58  SCV  
  79  6:59  SCV  
  80  7:04  SCV  
  81  7:10  SCV  
  81  7:11  SCV  
  85  7:16  SCV  
Show
View Real Time Build Order
Export as new Build Order

Denver Zerg 

Build Orders: Pool First 

Get SALT Encoding   

  12  0:00  Drone  
  13  0:12  Overlord  
  13  0:17  Drone  
  14  0:31  Drone x2  
  16  0:40  Spawning Pool  
  15  0:44  Drone  
  15  0:49  Drone  
  17  1:11  Hatchery  
  17  1:12  Drone  
  17  1:27  Zergling x4  
  17  1:29  Queen  
  17  1:31  Drone  
  22  1:33  Extractor  
  21  1:40  Overlord  
  21  1:50  Drone  
  22  2:02  Drone  
  22  2:04  Queen  
  25  2:17  Drone  
  25  2:23  Queen  
  25  2:24  Drone x2  
  28  2:42  Drone x5  
  32  2:45  Metabolic Boost  
  32  2:46  Overlord  
  32  2:51  Drone  
  33  2:56  Overlord  
  33  3:06  Zergling x4  
  35  3:15  Drone x3  
  35  3:16  Drone  
  39  3:24  Hatchery  
  38  3:28  Drone x3  
  41  3:35  Drone x3  
  44  3:45  Drone x5  
  49  3:53  Roach Warren  
  49  3:54  Overlord  
  48  3:59  Extractor  
  48  4:02  Lair  
  47  4:04  Drone  
  47  4:05  Drone x2  
  47  4:07  Evolution Chamber  
  49  4:13  Drone x3  
  52  4:17  Extractor, Overlord  
  52  4:19  Overlord  
  51  4:25  Overlord  
  51  4:30  Overlord  
  51  4:32  Zerg Ground Armor Level 1  
  51  4:36  Drone  
  52  4:39  Drone x3  
  52  4:44  Drone x2  
  57  4:48  Extractor  
  57  4:50  Drone  
  57  4:53  Drone x5  
  57  4:56  Extractor  
  57  4:59  Glial Reconstitution  
  61  5:02  Zergling x8  
  61  5:04  Drone  
  66  5:10  Drone  
  66  5:11  Overlord  
  67  5:18  Roach x5  
  77  5:24  Roach x2  
  77  5:25  Roach  
  77  5:27  Overlord  
  83  5:31  Overlord  
  83  5:34  Roach  
  85  5:38  Roach x3  
  85  5:42  Overlord  
  87  5:52  Roach x5  
  87  5:57  Ravager x4  
  101  6:01  Zergling x10  
  106  6:05  Roach x2  
  106  6:09  Spore Crawler  
  106  6:10  Spore Crawler  
  107  6:14  Roach x2  
  107  6:20  Roach x2  
  107  6:22  Queen  
  111  6:27  Drone x3  
  111  6:28  Drone  
  110  6:33  Queen  
  110  6:39  Drone x4  
  108  6:40  Drone  
  92  6:49  Spore Crawler  
  79  6:54  Drone x4  
  79  6:57  Drone x2  
  74  7:16  Drone x5  
Tags
 
Add a new tag
Caveats
  • Supply blocks, unpowered buildings, or Contaminate may cause inaccurate times.
  • Supply counts are checked every 10 seconds.